Cogmind - Beta 11.1 *** ADVENTURER MODE // 2022.08.23 @ 04:13:28 Player: Ms Vella Result: Destroyed by 8R-AWN with 8R-AWN's Boregun Performance ------------- Evolutions (1) 500 Regions Visited (5) 1000 Robots Destroyed (41) 205 Value Destroyed (911) 911 Prototype IDs (26) 520 Alien Tech Used (0) 0 Bonus (-18) -18 TOTAL SCORE: 3118 Bonus ------- Follower Combat Kills 7 Aligned with FarCom 300 Friendly Fire -325 Cogmind --------- Core Integrity 0/400 Matter 10/300 Energy 265/265 System Corruption 2% Temperature Hot (278) Movement Core (1000) Ox19 Location -9/Exiles Parts ------- > --- POWER (1) -------- Improved Ion Engine > --- PROPULSION (3) --- (None) > --- UTILITY (3) ------ High-capacity Storage Unit Utility Shielding Weapon Shielding > --- WEAPON (2) ------- Small Laser Guided Plasma Cannon > --- INVENTORY (20) --- Light Ion Engine High-capacity Storage Unit High-capacity Storage Unit Large Battery (200) Experimental Sensor Array Hacking Suite High-powered Tractor Beam Recalibrator Grenade Launcher Rocket Launcher Katana Peak State ------------ > --- POWER ------------ (None) > --- PROPULSION ------- Improved Aluminum Leg Carbon-fiber Leg Carbon-fiber Leg > --- UTILITY ---------- High-capacity Storage Unit Experimental Sensor Array Signal Interpreter > --- WEAPON ----------- Improved Medium Laser Heavy Assault Rifle > --- INVENTORY -------- Light Ion Engine Light Ion Engine Improved Ion Engine Aluminum Leg Aluminum Leg High-capacity Storage Unit High-capacity Storage Unit Utility Shielding Weapon Shielding Light Armor Plating Hacking Suite High-powered Tractor Beam Recalibrator Medium Laser Small Laser Beam Cannon Heavy Assault Rifle Grenade Launcher Rocket Launcher Katana [Rating: 27] Favorites ----------- Power Light Angular Momentum Engine Engine Light Angular Momentum Engine Propulsion Carbon-fiber Leg Treads Light Treads Leg Carbon-fiber Leg Utility High-capacity Storage Unit Device Cooling System Storage High-capacity Storage Unit Processor Signal Interpreter Protection Light Armor Plating Weapon Light Assault Rifle Energy Gun EM Pulse Gun Energy Cannon Beam Cannon Ballistic Gun Light Assault Rifle Launcher Rocket Launcher Build | -11 -10 -10 -9 -9 -9 ------- Run | Scr Mat Min Mat Min Exi Slots Evolved 2 | . . . 2 . . Power . | . . . . . . Propulsion 1 | . . . 1 . . Utility 1 | . . . 1 . . Weapon . | . . . . . . Parts Attached 43 | . 7 . 16 7 13 Power 4 | . . . 2 . 2 Engine 4 | . . . 2 . 2 Core . | . . . . . . Reactor . | . . . . . . Propulsion 9 | . 2 . 4 1 2 Treads 2 | . 2 . . . . Leg 7 | . . . 4 1 2 Wheel . | . . . . . . Hover . | . . . . . . Flight . | . . . . . . Utility 12 | . 2 . 2 6 2 Device 4 | . . . 1 3 . Storage 1 | . 1 . . . . Processor 1 | . 1 . . . . Hackware . | . . . . . . Protection 6 | . . . 1 3 2 Artifact . | . . . . . . Weapon 18 | . 3 . 8 . 7 Energy Gun 5 | . 1 . 1 . 3 Energy Cannon 4 | . . . 2 . 2 Ballistic Gun 6 | . 1 . 4 . 1 Ballistic Cannon . | . . . . . . Launcher 3 | . 1 . 1 . 1 Special Weapon . | . . . . . . Impact Weapon . | . . . . . . Slashing Weapon . | . . . . . . Piercing Weapon . | . . . . . . Special Melee Weapon . | . . . . . . Unidentified Prototypes 3 | . . . 1 2 . Corrupted Parts 1 | . . . 1 . . System Corruption 2 | . . . 2 . . Parts Lost 17 | . . . 6 . 11 Power 2 | . . . 1 . 1 Propulsion 8 | . . . 3 . 5 Utility 1 | . . . . . 1 Weapon 6 | . . . 2 . 4 Highest Loss Streak 7 | . . . 3 . 7 To Critical Strikes 6 | . . . . . 6 Average Slot Usage (%) 87 | . 90 100 84 86 91 Engine 7 | . 14 14 10 . 8 Treads 10 | . 28 28 14 . . Leg 18 | . . . 11 33 30 Device 1 | . . . 1 1 . Storage 11 | . 14 14 11 11 11 Processor 10 | . 5 14 11 11 10 Protection 4 | . . . 2 8 9 Energy Gun 9 | . 14 14 7 11 9 Energy Cannon 1 | . . . 3 . . Ballistic Gun 10 | . 11 14 10 11 10 Naked Turns . | . . . . . . Heaviest Build 58 | 12 51 46 58 49 53 Greatest Support 50 | 20 40 40 43 50 50 Greatest Overweight (x) 2 | . 1 1 1 1 2 Average Overweight (x) . | . . 1 1 . . Largest Inventory Capacity 20 | . 20 20 20 20 20 Average Capacity 19 | . 13 20 20 20 20 Most Carried 20 | . 10 11 20 20 20 Average Carried 17 | . 6 10 17 19 18 Final Capacity 20 | 8 20 20 20 20 20 Final Carried 20 | 6 9 11 20 20 11 Class Distribution -------------------- 54% | Scavenger-Mutant 45% | Mutant Dominant Class ---------------- Mutant | -10/Materials Mutant | -10/Mines Mutant | -9/Materials Scavenger-Mutant | -9/Mines Scavenger-Mutant | -9/Exiles Resources | -11 -10 -10 -9 -9 -9 ----------- Run | Scr Mat Min Mat Min Exi Matter Collected 604 | 200 35 33 279 57 . Remotely . | . . . . . . Salvage Created 1198 | . 46 . 1049 59 44 Parts 80 | . 8 . 64 5 3 Haulers Intercepted . | . . . . . . Recyclers Shooed 1 | . . . 1 . . Parts Field Recycled . | . . . . . . Retrieved Matter . | . . . . . . Parts Self-Destructed . | . . . . . . Prevented . | . . . . . . Kills | -11 -10 -10 -9 -9 -9 ------- Run | Scr Mat Min Mat Min Exi Combat Hostiles Destroyed 34 | . 3 . 23 3 5 Guns 15 | . . . 12 3 . Cannons 7 | . . . 7 . . AOE 12 | . 3 . 4 . 5 Classes Destroyed 10 | . 2 . 7 . 1 Worker 1 | . . . 1 . . Recycler 2 | . . . 2 . . Mechanic 2 | . 1 . 1 . . Operator 2 | . . . 2 . . Watcher 4 | . . . 4 . . Swarmer 13 | . 3 . 7 3 . Grunt 12 | . . . 11 . 1 Duelist 2 | . . . 2 . . Sentry 3 | . . . 3 . . Assembled 5 | . . . . . 5 Best Kill Streak 6 | . 4 . 6 3 5 Combat Bots Only 5 | . 3 . 4 3 5 Max Kills in Single Turn 3 | . 2 . 3 2 3 Gunslinging 1 | . . . . 1 . Exploded 2 | . 2 . 2 . 2 Melee . | . . . . . . Uniques/NPCs Destroyed 1 | . . . . . 1 EX-BIN (-9/Exiles) Combat | -11 -10 -10 -9 -9 -9 -------- Run | Scr Mat Min Mat Min Exi Damage Taken 2126 | . 60 50 918 35 1063 Core 414 | . 7 . 176 5 226 Absorbed by Shields . | . . . . . . Redirected to Shielding 9 | . . . . . 9 Regen/Repaired (Parts) 26 | . 12 . 14 . . Core Remaining (%) 98 | 100 . 97 . . . Volleys Fired 166 | . 5 . 89 18 54 Largest 2 | . 1 . 2 2 2 Hottest 120 | . 40 . 83 79 120 Shots Fired 274 | . 5 . 159 21 89 Gun 221 | . 2 . 116 21 82 Cannon 45 | . . . 41 . 4 Launcher 8 | . 3 . 2 . 3 Special . | . . . . . . Kinetic 122 | . . . 73 6 43 Thermal 99 | . . . 41 15 43 Explosive 8 | . 3 . 2 . 3 Electromagnetic 45 | . 2 . 43 . . Robot Hit Streak 22 | . 2 . 22 6 15 Robot Miss Streak 2 | . . . 2 2 2 Penetration Max . | . . . . . . Secondary Targets 5 | . . . 3 2 . Max Gunslinging Chain 1 | . . . 1 1 . Shots Hit Robots 201 | . 2 . 117 13 69 Core Hits 89 | . 6 . 57 5 21 Critical Kills . | . . . . . . Critical Parts Destroyed . | . . . . . . Critical Strikes 4 | . . . 1 2 1 Burn 3 | . . . . 2 1 Corrupt 1 | . . . 1 . . Melee Attacks . | . . . . . . Impact . | . . . . . . Slashing . | . . . . . . Piercing . | . . . . . . Sneak Attacks . | . . . . . . Combat Hostiles . | . . . . . . Follow-up Attacks . | . . . . . . Damage Inflicted 3695 | . 119 . 1945 232 1399 Guns 2148 | . 22 . 920 232 974 Cannons 702 | . . . 567 . 135 Explosions 845 | . 97 . 458 . 290 Melee . | . . . . . . Ramming . | . . . . . . Kinetic 1118 | . . . 536 60 522 Thermal 1385 | . . . 626 172 587 Explosive 786 | . 97 . 399 . 290 Electromagnetic 406 | . 22 . 384 . . Impact . | . . . . . . Slashing . | . . . . . . Piercing . | . . . . . . Highest Corruption 2 | . . . 2 2 2 Average Corruption 2 | . . . 2 2 2 Corruption Purged . | . . . . . . Corruption Blocked . | . . . . . . Effects 24 | . . . 4 14 6 Message Errors 4 | . . . 1 3 . Matter Fused 2 | . . . . 1 1 Heat Flow Errors 5 | . . . . 5 . Energy Discharges 4 | . . . . 1 3 Parts Rejected 1 | . . . . 1 . Data Loss (minor) 4 | . . . 2 2 . Data Loss (major) 3 | . . . 1 1 1 Misfires 1 | . . . . . 1 Overload Shots . | . . . . . . Overflow Damage 15 | . . . 10 . 5 Projectiles . | . . . . . . Explosions 15 | . . . 10 . 5 Melee . | . . . . . . Knockbacks . | . . . . . . Impact . | . . . . . . Kinetic . | . . . . . . Secondary . | . . . . . . Self-Inflicted Damage 7 | . . . . . 7 Shots 1 | . . . . . 1 Rammed . | . . . . . . Targets Rammed . | . . . . . . Kicked . | . . . . . . Crushed . | . . . . . . Highest Temperature 582 | . . . 140 226 582 Average Temperature 114 | . . . 35 55 281 Received Heat Transfer 399 | . . . 399 . . Effects 17 | . . . . . 17 Shutdowns 2 | . . . . . 2 Energy Bleed 3 | . . . . . 3 Interference 6 | . . . . . 6 Matter Decay 1 | . . . . . 1 Damage (minor) 1 | . . . . . 1 Damage (major) 4 | . . . . . 4 Siege Activations . | . . . . . . Robots Corrupted . | . . . . . . Combat Hostiles . | . . . . . . Parts Fried 1 | . . . 1 . . Impact Corruptions . | . . . . . . Robots Melted . | . . . . . . Combat Hostiles . | . . . . . . Parts Melted 1 | . . . 1 . . Heat Transferred 2192 | . . . 1284 518 390 Parts Sabotaged . | . . . . . . Parts Stolen . | . . . . . . Parts Stripped . | . . . . . . Power Chain Reactions 1 | . . . 1 . . Missiles Intercepted . | . . . . . . Alert | -11 -10 -10 -9 -9 -9 ------- Run | Scr Mat Min Mat Min Exi Peak Influence 279 | . 136 44 279 110 . Initial 44 | . . 44 14 41 . Average 74 | . 115 44 90 33 . Maximum Alert Level 1 | . . . 1 . . Low Security (%) 97 | . 100 100 95 100 . Level 1 2 | . . . 4 . . Level 2 . | . . . . . . Level 3 . | . . . . . . Level 4 . | . . . . . . Level 5 . | . . . . . . High Security . | . . . . . . Max Security . | . . . . . . Squads Dispatched 4 | . . . 4 . . Investigation 1 | . . . 1 . . Extermination . | . . . . . . Reinforcement 3 | . . . 3 . . Assault . | . . . . . . Garrison . | . . . . . . Intercept . | . . . . . . Searches Triggered . | . . . . . . Construction Impeded . | . . . . . . Haulers Reinforced . | . . . . . . Active Scanning Responses . | . . . . . . Cargo Convoy Interrupts . | . . . . . . Stealth | -11 -10 -10 -9 -9 -9 --------- Run | Scr Mat Min Mat Min Exi Distress Signals 4 | . . . 4 . . Communications Jammed . | . . . . . . Distress Signals . | . . . . . . Times Spotted 53 | . 5 . 38 4 6 Peak Tracking Total 10 | . 3 . 6 3 10 Tactical Retreats . | . . . . . . Traps | -11 -10 -10 -9 -9 -9 ------- Run | Scr Mat Min Mat Min Exi Traps Triggered 1 | . . 1 . . . Indirectly . | . . . . . . Trap Hack Attempts . | . . . . . . Triggered . | . . . . . . Disarmed . | . . . . . . Reprogrammed . | . . . . . . Reused . | . . . . . . Traps Extracted . | . . . . . . Installed . | . . . . . . Triggered . | . . . . . . Machines | -11 -10 -10 -9 -9 -9 ---------- Run | Scr Mat Min Mat Min Exi Machines Disabled 4 | . . . 3 . 1 Max in Single Turn 2 | . . . 2 . 1 Machines Sabotaged . | . . . . . . Garrisons Compromised . | . . . . . . Overloaded Fab Kills . | . . . . . . Hacking | -11 -10 -10 -9 -9 -9 --------- Run | Scr Mat Min Mat Min Exi Machines Accessed 10 | . 2 1 4 1 2 Terminals 4 | . 1 . 3 . . Fabricators . | . . . . . . Repair Stations 2 | . 1 . 1 . . Recycling Units . | . . . . . . Scanalyzers . | . . . . . . Garrison Access . | . . . . . . Total Hacks 26 | . 5 1 17 1 2 Successful 18 | . 3 1 11 1 2 Failed 8 | . 2 . 6 . . Catastrophic . | . . . . . . Database Lockouts . | . . . . . . Manual 11 | . 3 . 7 . 1 Terminals 17 | . 3 . 14 . . Fabricators . | . . . . . . Repair Stations 5 | . 2 . 3 . . Recycling Units . | . . . . . . Scanalyzers . | . . . . . . Garrison Access . | . . . . . . Terminal Hacks 14 | . 1 1 9 1 2 Record 1 | . . . . . 1 Robot Analysis 6 | . . . 6 . . Open Door 2 | . . 1 . 1 . Branch Access Points 2 | . 1 . 1 . . Terminal Index 1 | . . . 1 . . Recycling Unit Index 1 | . . . 1 . . EX-Prototype ID Bank 1 | . . . . . 1 Fabricator Hacks . | . . . . . . Repair Station Hacks 4 | . 2 . 2 . . Scan Component 2 | . 1 . 1 . . Repair 2 | . 1 . 1 . . Recycling Unit Hacks . | . . . . . . Scanalyzer . | . . . . . . Garrison Access Hacks . | . . . . . . Unauthorized Hacks . | . . . . . . Terminals . | . . . . . . Fabricators . | . . . . . . Repair Stations . | . . . . . . Recycling Units . | . . . . . . Scanalyzers . | . . . . . . Garrison Access . | . . . . . . Data Cores Recovered . | . . . . . . Used . | . . . . . . Hacking Detections 5 | . 2 . 3 . . Full Trace Events . | . . . . . . Feedback Events . | . . . . . . Feedback Blocked . | . . . . . . Robot Schematics Acquired . | . . . . . . Robots Built . | . . . . . . Authchips . | . . . . . . Time . | . . . . . . Total Robot Build Rating . | . . . . . . Part Schematics Acquired . | . . . . . . Parts Built . | . . . . . . Authchips . | . . . . . . Time . | . . . . . . Total Part Build Rating . | . . . . . . Parts Repaired 2 | . 1 . 1 . . Time 70 | . 26 . 44 . . Parts Recycled . | . . . . . . Recycled Matter . | . . . . . . Retrieved Matter . | . . . . . . Retrieved Components . | . . . . . . Parts Scanalyzed . | . . . . . . Part Schematics Acquired . | . . . . . . Parts Damaged . | . . . . . . Bothacking | -11 -10 -10 -9 -9 -9 ------------ Run | Scr Mat Min Mat Min Exi Used RIF Installer . | . . . . . . Robots Hacked . | . . . . . . Non-combat . | . . . . . . Combat . | . . . . . . Robot Hacks Applied . | . . . . . . Relay Couplers Released . | . . . . . . Fabnet Peak Effective % . | . . . . . . Robots Rewired . | . . . . . . Allies Hacked . | . . . . . . Hacks Repelled . | . . . . . . Allies | -11 -10 -10 -9 -9 -9 -------- Run | Scr Mat Min Mat Min Exi Total Allies 5 | . . . . 5 . Largest Group 4 | . . . . 4 4 Highest-Rated Group 71 | . . . . 71 71 Highest-Rated Ally 31 | . . . . 31 31 Total Orders 1 | . . . . 1 . EXPLORE 1 | . . . . 1 . Ally Attacks 30 | . . . . 1 29 Total Damage 329 | . . . . 102 227 Kills 6 | . . . . 2 4 Allies Corrupted . | . . . . . . Allies Melted . | . . . . . . Intel | -11 -10 -10 -9 -9 -9 ------- Run | Scr Mat Min Mat Min Exi Robot Analysis Total 6 | . . . 6 . . Derelict Logs Recovered 1 | . . . . 1 . Drone Launches 20 | . . . . 20 . Drone Recoveries . | . . . . . . Exploration | -11 -10 -10 -9 -9 -9 ------------- Run | Scr Mat Min Mat Min Exi Turns Passed 3636 | . 371 94 1714 950 507 Spaces Moved 1352 | 1 162 39 538 411 201 Core . | . . . . . . Treads 554 | . 162 39 353 . . Legs 798 | 1 . . 185 411 201 Wheels . | . . . . . . Hover . | . . . . . . Flight . | . . . . . . Fastest Speed 120 | 120 160 240 190 126 126 Average Speed 192 | 120 196 240 222 158 167 Slowest Speed 260 | 120 240 240 240 190 260 Overloaded Moves . | . . . . . . Propulsion Burnouts . | . . . . . . Robots Hopped . | . . . . . . Cave-ins Triggered . | . . . . . . Exploration Rate (%) 43 | 2 36 12 51 99 61 Regions Visited 5 Branch Regions 3 Pre-discovered Areas 1 | . . . . . 1 Known Exits Taken 4 | . 1 1 1 1 . Unknown Exits Taken 1 | 1 . . . . . Scrap Searched 2 | . . 1 . 1 . Spaces Dug . | . . . . . . Terrain Destroyed 44 | . 17 . 19 . 8 Melee . | . . . . . . Projectile . | . . . . . . AOE 44 | . 17 . 19 . 8 Terrain Rammed . | . . . . . . Walls Destroyed . | . . . . . . Machines Disabled . | . . . . . . Actions | -11 -10 -10 -9 -9 -9 --------- Run | Scr Mat Min Mat Min Exi Total 2128 | . 212 40 907 687 282 Wait 524 | . 26 . 239 248 11 Move 1347 | . 161 38 537 410 201 Hop . | . . . . . . Pick Up 31 | . 7 2 18 2 2 Fast Attach 10 | . 3 . 7 . . Attach 18 | . 3 . 5 1 9 Detach 1 | . 1 . . . . Swap 15 | . 1 . 4 6 4 Drop 16 | . 5 . 8 2 1 Fire 166 | . 5 . 89 18 54 Melee . | . . . . . . Ram . | . . . . . . Kick . | . . . . . . Crush . | . . . . . . Escape Stasis . | . . . . . . Rewire . | . . . . . . Trap . | . . . . . . Miscellaneous . | . . . . . . Route ------- -11/Scrapyard -10/Materials (discovered 3 exits: *Mat / *Min x2) -10/Mines -9/Materials (discovered 2 exits: *Mat / *Min) -9/Mines (discovered 3 exits: *Mat x2 / *Exi) -9/Exiles History --------- Turn | Location | Event 1 | -11/Scrapyard | Discovered new exit (range 0) 1 | -11/Scrapyard | Entered Materials 109 | -10/Materials | Repaired EM Pulse Gun 212 | -10/Materials | Discovered new exit (range 8) 226 | -10/Materials | Identified exit to Materials 257 | -10/Materials | Identified exit to Mines 317 | -10/Materials | Build established: Mutant 372 | -10/Materials | Entered Mines 379 | -10/Mines | Received a Rocket Launcher from a helpful Derelict 397 | -10/Mines | Discovered exit to Materials (range 11) 423 | -10/Mines | Met a Derelict who couldn't figure out how to use a Trap Extractor 466 | -10/Mines | Entered Materials 466 | -9/Materials | Evolved 2 slots: Propulsion x1, Utility x1 524 | -9/Materials | Identified exit to Mines 1342 | -9/Materials | Repaired Corrupted Hvy. Assault Rifle 1607 | -9/Materials | Lost 3 parts (2n1w) 1854 | -9/Materials | Discovered new exit (range 9) 1920 | -9/Materials | Build established: Scavenger-Mutant 2180 | -9/Materials | Entered Mines 2180 | -9/Mines | Discovered new exit (range 12) 2251 | -9/Mines | Identified exit to Materials 2278 | -9/Mines | Found the Drone Emporium 2293 | -9/Mines | Found Prototype Device 2294 | -9/Mines | Identified Sensor Drone Bay 2391 | -9/Mines | Discovered exit to Materials (range 34) 2619 | -9/Mines | Found a damaged Exp. Sensor Array with a note attached 2623 | -9/Mines | Found Prototype Device 2624 | -9/Mines | Identified Exp. Sensor Array 2835 | -9/Mines | Learned 4 Materials zone layouts 2851 | -9/Mines | Assisted by bots powering up and referring to "LRC-V3" 3090 | -9/Mines | Deemed a non-threat by the Exiles lab entrance 3090 | -9/Mines | Discovered new exit (range 5) 3093 | -9/Mines | Identified exit to Exiles 3130 | -9/Mines | Entered Exiles 3130 | -9/Exiles | Accompanied by 4 allies 3160 | -9/Exiles | Led the pair of lost Derelicts to a safe place 3163 | -9/Exiles | Met 8R-AWN 3183 | -9/Exiles | Met EX-HEX 3266 | -9/Exiles | Met EX-DEC 3312 | -9/Exiles | Learned location of Zion (-6) 3357 | -9/Exiles | Met EX-BIN 3390 | -9/Exiles | Aligned with FarCom system 3392 | -9/Exiles | Given EX-Vault access code 3394 | -9/Exiles | Attacked by the Exiles 3405 | -9/Exiles | Allies destroyed EX-BIN 3446 | -9/Exiles | Opened EX-Vault 3465 | -9/Exiles | Found Gui. Plasma Cannon 3472 | -9/Exiles | Core integrity fell below 50% 3558 | -9/Exiles | Core integrity fell below 20% 3596 | -9/Exiles | Lost 7 parts (1p3n1u2w) 3637 | -9/Exiles | Destroyed by 8R-AWN with 8R-AWN's Boregun Last Messages --------------- 03603_ Overheating: Energy bleed (-50). 03605_ Discarded Signal Interpreter. 03606_ Penetrated by HV Slug. 03610_ Overheating: Energy bleed (-24). 03610_ Penetrated by HV Slug. 03610_ Med. Laser destroyed. 03611_ Overheating: System interference. 03611_ Gui. Plasma Cannon temporarily disabled. 03614_ Penetrated by HV Slug. 03614_ Imp. Medium Laser destroyed. 03614_ Penetrated by HV Slug. 03627_ Overheating: System interference. 03627_ Gui. Plasma Cannon temporarily disabled. 03627_ HV Slug penetrates Wall. 03627_ Penetrated by HV Slug. 03628_ Wall collapses. 03633_ Penetrated by HV Slug. 03633_ Critical hit (Destroy). 03633_ Aluminum Leg destroyed. 03637_ Penetrated by HV Slug. Map ----- +----------------------------------------------------+ | | | | | | | | | | | | | | | | | | | | | | | | | | | | | | | | | | | | | | | ???????????????????????#########?????????????????? | | ???????????????????????#] #?????????????????? | | ???????????????????????# !#?????????????????? | | ???????????????????????# ]#?????????????????? | | ???????????????????????# #?????????????????? | | ???????????????????????## [=##?????????????????? | | ???????????????????????# @ [%#??????????????????? | | ???????????????????????#; %=#??????????????????? | | ??????????????????????# ; #??????????????????? | | ??????????????????????##; #???##?????????????? | | ??????????????????????? # #??""""????????????? | | ???????????????????????#; g ## """???????????? | | ????????????????????????# X""???????????? | | ????????????????????????# ;# """???????????? | | ??????????????????####??# ##?""""????????????? | | ??????????????????"""""?# #???#??????????????? | | ?????????????????"""" ## #??????????????????? | | ????????????????#""X" #??????????????????? | | ????????????????#" #??????????????????? | | ????????????????#" ## #??????????????????? | | ????????????????#""""""?# #?#########????????? | | ????????????????##"###??# #"""""""#????????? | | ????????????????????????# #"""""""#????????? | | ????????????????????????# ##"""""""#????????? | | ???????????????????????## ##"" """"#????????? | | ???????????????????????#" """"#????????? | | ???????????????????????#" """#????????? | | ???????????????????????#" """#????????? | | ???????????????????????#" == """#????????? | | ?????????#######???????#" %= """#????????? | | ????????# """#???????#" ! """#????????? | +----------------------------------------------------+ Best States ------------- Heat Dissipation 50 Energy Generation 18 Energy Capacity 265 Matter Stores 300 Matter Capacity 300 Sight Range 16 Terrain Scan Density 10 Armor Coverage 150 Resistance: KI 20 Resistance: TH 20 Resistance: EX 20 Resistance: EM 20 Resistance: I 20 Resistance: S 20 Resistance: P 20 Utility Shielding 33 Weapon Shielding 33 Evasion (%) 55 Recoil Reduction 2 Offensive Hacking 10 Item Schematics ----------------- None Robot Schematics ------------------ None Fabricated ------------ Nothing Alien Tech Used ----------------- None Achievements -------------- None Challenges ------------ None Game ------ Seed ComponentVariableDriver Manual? 0 Play Time 00:34:33 Cumulative 1041.4 hours Start 2022.08.22 @ 22:02:45 End 2022.08.23 @ 04:13:28 Sessions 1 Manual Loads 0 Difficulty Adventurer Special Mode None Game No. 217 Rogue 1 Adventurer 216 Explorer 0 Win Type - Total 5 Types 4/0/1/0/0/0/0/0/0 Lore% 71 Gallery% 85 Achievement% 66 Wizard Run 0 Options --------- ASCII 0 Keyboard 0 Movement Mouse Keybinds 0 Fullscreen 0 Font 16/SmallcapsGlow Map View 76x50 Tactical HUD 1 Map Filters NONE Filters BRIGHTNESS(125)|SATURATION(75)|LOW_CONTRAST(13,24,33)|SHIFT_HUE(130) Steam 1 RUN: 39e525b7-68d0-4153-835e-aab8224a18fd